 Dungeon Sprint DCSS version 0.21-a0-59-g7b0e191 (webtiles) character file.

380 Kidiri the Ruffian (level 6, -10/67 HPs)
             Began as a Troll Monk on June 16, 2017.
             Was an Elder of Uskayaw.
             Mangled by an ogre
             ... wielding a cursed -3 giant spiked club
              (31 damage)
             ... in the Dungeon (Sprint IX: "|||||||||||||||||||||||||||||").
             The game lasted 00:01:29 (124 turns).

Kidiri the Ruffian (Troll Monk)                      Turns: 124, Time: 00:01:30

Health: -10/67     AC:  8    Str: 20    XL:     6   Next: 46%
Magic:  2/6        EV: 13    Int:  6    God:    Uskayaw [****..]
Gold:   0          SH:  0    Dex: 17    Spells: 5/5 levels left

rFire    . . .     SeeInvis .     - Unarmed
rCold    . . .     Gourm    +   (no shield)
rNeg     . . .     Faith    .   a - +0 robe
rPois    .         Spirit   .   (helmet restricted)
rElec    .         Reflect  .   n - +0 cloak
rCorr    .         Harm     .   (gloves unavailable)
MR       .....     NoTele   +   (boots unavailable)
Stlth    +++.......             (no amulet)
HPRegen  0.61/turn              o - +2 ring of protection
MPRegen  0.10/turn              p - +3 ring of dexterity

@: no status effects
A: unfitting armour, claws 3, fast metabolism 3, gourmand, regeneration 1,
shaggy fur 1, tough skin 2
a: Stomp, Line Pass, Renounce Religion


You were in the Dungeon.
You worshipped Uskayaw.
Uskayaw was noncommittal.
You were not hungry.

You visited 1 branch

Inventory:

Armour
 a - a +0 robe (worn)
 n - a +0 cloak (worn)
Jewellery
 o - a +2 ring of protection (left claw)
 p - a +3 ring of dexterity (right claw)
Wands
 m - a wand of iceblast (7/15)
Scrolls
 h - 2 scrolls of blinking
 k - 3 scrolls of remove curse
 l - 2 scrolls of amnesia
Potions
 c - 5 potions of curing
 d - 3 potions of heal wounds
 e - a potion of haste
 f - 4 potions of magic
 g - a potion of berserk rage
 j - a potion of invisibility
Comestibles
 b - 2 bread rations
 i - 10 chunks of flesh


   Skills:
 * Level 5.7 Fighting
 + Level 3.6 Armour
 * Level 5.9 Dodging
 * Level 4.1 Stealth
 * Level 7.0 Unarmed Combat
 + Level 2.6 Invocations


You had 5 spell levels left.
You didn't know any spells.

Dungeon Overview and Level Annotations

Branches:
Dungeon (1/1)

Altars:
Cheibriados
Dithmenos
Elyvilon
Fedhas
Gozag
Hepliaklqana
Kikubaaqudgha
Makhleb
Nemelex Xobeh
Okawaru
Qazlal
Ru
Sif Muna
Trog
Uskayaw
Vehumet
Wu Jian
Xom
Yredelemnul
Zin
The Shining One
Beogh
Jiyva
Lugonu


Innate Abilities, Weirdness & Mutations

You are too large for most types of armour.
You have claws for hands.
Your metabolism is lightning-fast.
You like to eat raw meat.
Your natural rate of healing is unusually fast.
You are covered in fur. (AC +1)
You have very tough skin. (AC +2)


Message History

The orc warrior freezes you.
* * * LOW HITPOINT WARNING * * *
Unknown command.
You stomp with the beat, sending a shockwave through the revelers around you!
You kill the orc warrior!
Your Stealth skill increases to level 4!
Your Unarmed Combat skill increases to level 7!
You feel somewhat more hungry.
You can no longer merge with and destroy a victim.
You can now merge with and destroy a victim.
Things that are here:
a glaive of freezing; a plate armour; an orc corpse Uskayaw prepares the audience for your solo!
The ogre is no longer paralysed.
You can no longer merge with and destroy a victim.
The helpless ogre fails to defend itself.
You claw the ogre!
The ogre is heavily wounded.
The ogre hits you with a giant spiked club!!
You die...

▓[▓
▓.▓
▓.▓
▓'▓
▓†▓
▓)▓
▓.▓
▓.▓
▓@▓
▓O▓
▓+▓


You could see an ogre.

Vanquished Creatures
  An orc warrior (D)
  2 sky beasts (D)
  A scorpion (D)
  An orc priest (D)
  An adder (D)
  An ooze (D)
  A leopard gecko (D)
  A jackal (D)
  A quokka (D)
  A bat (D)
  2 goblins (D)
  2 kobolds (D)
15 creatures vanquished.

Notes
Turn   | Place    | Note
-------+----------+-------------------------------------------
     0 | D        | Kidiri the Troll Monk began the quest for the Orb.
     0 | D        | Reached XP level 1. HP: 22/22 MP: 0/0
    27 | D        | Noticed a sky beast
    27 | D        | Noticed an orc priest
    30 | D        | Reached skill level 1 in Armour
    30 | D        | Reached XP level 2. HP: 28/29 MP: 1/1
    35 | D        | Killed a sky beast
    35 | D        | Reached skill level 5 in Unarmed Combat
    35 | D        | Reached XP level 3. HP: 29/39 MP: 2/2
    35 | D        | Reached XP level 4. HP: 36/48 MP: 3/3
    39 | D        | Reached XP level 5. HP: 39/55 MP: 4/4
    50 | D        | Found a roughly hewn altar of Beogh.
    50 | D        | Found a snail-covered altar of Cheibriados.
    50 | D        | Found a shadowy altar of Dithmenos.
    50 | D        | Found a white marble altar of Elyvilon.
    50 | D        | Found a blossoming altar of Fedhas.
    50 | D        | Found an opulent altar of Gozag.
    51 | D        | Found a hazy altar of Hepliaklqana.
    52 | D        | Found a viscous altar of Jiyva.
    53 | D        | Found an ancient bone altar of Kikubaaqudgha.
    54 | D        | Found a corrupted altar of Lugonu.
    55 | D        | Found a burning altar of Makhleb.
    56 | D        | Found a sparkling altar of Nemelex Xobeh.
    57 | D        | Found an iron altar of Okawaru.
    58 | D        | Found a stormy altar of Qazlal.
    59 | D        | Found a sacrificial altar of Ru.
    60 | D        | Found a deep blue altar of Sif Muna.
    61 | D        | Found a bloodstained altar of Trog.
    62 | D        | Found a hide-covered altar of Uskayaw.
    63 | D        | Found a radiant altar of Vehumet.
    64 | D        | Found an ornate altar of the Wu Jian Council.
    65 | D        | Found a shimmering altar of Xom.
    66 | D        | Found a basalt altar of Yredelemnul.
    67 | D        | Found a glowing silver altar of Zin.
    68 | D        | Found a glowing golden altar of the Shining One.
    70 | D        | Became a worshipper of Uskayaw the Reveler
    70 | D        | Reached * piety under Uskayaw
   101 | D        | Noticed a sky beast
   101 | D        | Noticed an orc warrior
   101 | D        | Noticed an ogre
   103 | D        | Reached ** piety under Uskayaw
   106 | D        | Killed a sky beast
   106 | D        | Reached skill level 5 in Fighting
   106 | D        | Reached skill level 5 in Dodging
   106 | D        | Reached skill level 6 in Unarmed Combat
   106 | D        | Reached skill level 1 in Invocations
   110 | D        | Reached *** piety under Uskayaw
   111 | D        | Reached XP level 6. HP: 60/66 MP: 4/6
   112 | D        | Reached **** piety under Uskayaw
   114 | D        | Reached ***** piety under Uskayaw
   119 | D        | Killed an orc warrior
   119 | D        | Reached skill level 7 in Unarmed Combat
   124 | D        | Mangled by an ogre

Vault maps used:
D:        linesprint

Skill      XL: |  1  2  3  4  5  6 |
---------------+-------------------+-----
Armour         | 1 2 3 |  3.6
Dodging        | 3 4 5 |  5.9
Fighting       | 4 5 |  5.7
Stealth        | 2 3 4 |  4.1
Unarmed Combat | 5 6 7 |  7.0
Invocations    | 2 |  2.6

Action                   |  1- 3 |  4- 6 || total
-------------------------+-------+-------++-------
Melee: Unarmed           |    17 |    22 ||    39
Invok: Stomp             |       |     1 ||     1
 Stab: Sleeping          |     1 |     2 ||     3
       Paralysed         |       |     1 ||     1
Armor: Robe              |     3 |     3 ||     6
Dodge: Dodged            |    11 |     4 ||    15
